 Dungeon Crawl Stone Soup version 0.29.0-4-gdea44cf6ec (webtiles) character file.

Game seed: 4287286761608613580

21 qw the Sneak (level 2, 0/23 HPs)
             Began as a Ghoul Enchanter on Sept 8, 2022.
             Slain by a goblin
             ... wielding a +0 dagger
              (2 damage)
             ... on level 1 of the Dungeon.
             The game lasted 00:00:28 (1095 turns).

qw the Sneak (Ghoul Enchanter)                      Turns: 1095, Time: 00:00:28

Health: 0/23       AC:  2    Str: 11    XL:     2   Next: 83%
Magic:  3/3        EV: 12    Int: 10    God:
Gold:   34         SH:  0    Dex:  9    Spells: 4/4 levels left

rFire   . . .      SeeInvis .   h - +0 mace
rCold   + . .      Faith    .   (no shield)
rNeg    + + +      Spirit   .   b - +0 robe
rPois   inf        Reflect  .   (no helmet)
rElec   .          Harm     .   (no cloak)
rCorr   .          Rampage  .   (no gloves)
Will    .....                   (no boots)
Stlth   ++........              (no amulet)
HPRegen 0.00/turn               (no ring)
MPRegen 0.08/turn               (no ring)

@: inhibited regen
A: claws 1, cold resistance 1, negative energy resistance 3, inhibited
regeneration, torment resistance 2, devour on kill
a: no special abilities


You were on level 1 of the Dungeon.
You visited 1 branch of the dungeon, and saw 1 of its levels.

You collected 34 gold pieces.


Innate Abilities, Weirdness & Mutations

You are immune to poison.
You have sharp fingernails.
Your flesh is cold resistant. (rC+)
You are immune to negative energy. (rN+++)
You do not regenerate when monsters are visible.
You are immune to unholy pain and torment.
You thrive by killing the living.


   Skills:
 - Level 1.1 Fighting
 - Level 0.8 Short Blades
 + Level 1.7 Axes
 - Level 1.7 Dodging
 - Level 3.2 Stealth
 - Level 1.7 Spellcasting
 - Level 2.4 Hexes


You had 4 spell levels left.
You didn't know any spells.
Your spell library contained the following spells:

 Spells                   Type           Power      Damage    Failure   Level
 Ensorcelled Hibernation  Hex/Ice        6%         N/A       30%         2
 Confusing Touch          Hex            5%         N/A       34%         3
 Tukima's Dance           Hex            5%         N/A       34%         3
 Dazzling Flash           Conj/Hex       6%         N/A       52%         3

Inventory:

Hand Weapons
 h - a +0 mace (weapon)
Armour
 a - a +0 pair of gloves
 b - a +0 robe (worn)
 g - a +0 ring mail
Scrolls
 f - a scroll of fog {unknown}
Potions
 c - 2 potions of invisibility
 d - a potion of heal wounds {unknown}
 e - 2 potions of curing {unknown}

Dungeon Overview and Level Annotations

Branches:
Dungeon (1/15)

Altars:


Message History

You hit the quokka.
The quokka is almost dead.
The quokka completely misses you. The goblin hits you but does no damage.
The quokka twitches its whiskers.
The quokka closely misses you.
You barely miss the quokka.
The quokka is severely wounded.
The goblin completely misses you. The quokka closely misses you.
The goblin hits you with a +0 dagger. The quokka closely misses you.
You barely miss the quokka.
The quokka is severely wounded.
The quokka closely misses you. The goblin hits you but does no damage.
You barely miss the quokka.
The quokka is severely wounded.
The quokka bites you but does no damage.
The goblin closely misses you. The quokka closely misses you.
The goblin hits you with a +0 dagger.
You barely miss the quokka.
The quokka is severely wounded.
The quokka misses you. The goblin hits you with a +0 dagger.
You closely miss the quokka.
The quokka is severely wounded.
The quokka barely misses you. The goblin completely misses you.
The quokka bites you.
You closely miss the quokka.
The quokka is severely wounded.
The quokka closely misses you. The goblin closely misses you.
The quokka closely misses you. The goblin hits you with a +0 dagger.
You barely miss the quokka.
The quokka is severely wounded.
The quokka bites you but does no damage.
The goblin closely misses you.
You closely miss the quokka.
The quokka is severely wounded.
The quokka closely misses you. The goblin hits you with a +0 dagger.
The quokka bites you.
You barely miss the quokka.
The quokka is severely wounded.
The goblin hits you with a +0 dagger.
You die...

#.# # #.# #####.#####
#.........##
#.###.###.## #.###.#
#.#. #.....###...
...#.########...........
......r@................
...#.#g######....####...
#. #.......# ##.. #.
#.......# ##. #.
#.......# ## #.
###...#.###### #.
#...#.#..... ..
#####.#.#### #.#.# #


You could see a quokka and a goblin.

Vanquished Creatures
  A ball python (D:1)
  3 goblins (D:1)
  3 hobgoblins (D:1)
  3 jackals (D:1)
  2 quokkas (D:1)
  A bat (D:1)
  A frilled lizard (D:1)
  2 kobolds (D:1)
  A rat (D:1)
17 creatures vanquished.

Notes
Turn   | Place    | Note
-------+----------+-------------------------------------------
     0 | D:1      | qw the Ghoul Enchanter began the quest for the Orb.
     0 | D:1      | Reached XP level 1. HP: 14/14 MP: 2/2
     0 | D:1      | 0 ||| qw: Version: 0.1-a-112-g44dc6cd
     0 | D:1      | 0 ||| qw: Game counter: 6700
     0 | D:1      | 0 ||| qw: Always use a shield: true
     0 | D:1      | 0 ||| qw: God list: Okawaru
     0 | D:1      | 0 ||| qw: Allow faded altars: false
     0 | D:1      | 0 ||| qw: Do Orc after D:15 true
     0 | D:1      | 0 ||| qw: Do second Lair branch before Depths: true
     0 | D:1      | 0 ||| qw: Lair rune preference: random
     0 | D:1      | 0 ||| qw: Plans: Normal
     0 | D:1      | 0 ||| PLANNING D:1-11
   310 | D:1      | 310 ||| SWAPPING to +0 mace.
   311 | D:1      | 311 ||| DROPPING +1 dagger.
   442 | D:1      | Reached skill level 1 in Axes
   740 | D:1      | Reached XP level 2. HP: 21/22 MP: 3/3
   749 | D:1      | Reached skill level 1 in Fighting
  1094 | D:1      | HP: 3/23 [goblin/+0 dagger (3)]
  1095 | D:1      | Slain by a goblin

Levels and vault maps discovered:
D:1:      wander_arrival_abandoned_jail, layout_loops_corners,
          minmay_tree_intersection

Skill      XL: |  1  2 |
---------------+-------+-----
Axes           | 1 |  1.7
Fighting       | 1 |  1.1
Short Blades   | |  0.8
Dodging        | |  1.7
Stealth        | |  3.2
Spellcasting   | |  1.7
Hexes          | |  2.4

Action                   || total
-------------------------++-------
Melee: Dagger            ||    21
       Mace              ||    64
       Punch             ||     1
Armor: Robe              ||    19
Dodge: Dodged            ||    84

Table legend:
 A = Non-vault XP
 B = Vault XP
 C = Vault XP percentage of total XP
 D = Non-vault monster count
 E = Vault monster count
 F = Vault count percentage of total count
                 A         B        C        D         E       F
            +---------+---------+-------+---------+---------+-------
      Total |      30 |       0 |   0.0 |      17 |       0 |   0.0
            +---------+---------+-------+---------+---------+-------
        D:1 |      30 |       0 |   0.0 |      17 |       0 |   0.0
            +---------+---------+-------+---------+---------+-------
